 Dungeon Crawl Stone Soup version 0.30-a0-605-gb2882149bf (webtiles) character file.

Game seed: 13914411502371604270

52 bmack86 the Trooper (level 3, 0/34 HPs)
             Began as a Minotaur Fighter on Jan 8, 2023.
             Shot with a sling bullet by a goblin (2 damage)
             ... on level 2 of the Dungeon.
             The game lasted 00:03:13 (1097 turns).

bmack86 the Trooper (Minotaur Fighter)              Turns: 1097, Time: 00:03:14

Health: 0/34       AC:  8    Str: 22    XL:     3   Next: 60%
Magic:  2/2        EV:  9    Int: 11    God:
Gold:   105        SH:  4    Dex:  9    Spells: 2/2 levels left

rFire   . . .      SeeInvis .    a - +0 war axe
rCold   . . .      Faith    .    c - +0 buckler
rNeg    . . .      Spirit   .    b - +0 scale mail
rPois   .          Reflect  .    (helmet restricted)
rElec   .          Harm     .    l - +0 cloak
rCorr   .          Rampage  .    (no gloves)
Will    .....                    (no boots) Stlth
                                 (no amulet)
HPRegen 0.25/turn                o - +6 ring of intelligence
MPRegen 0.08/turn                (no ring)

@: no status effects
A: horns 2, retaliatory headbutt
a: no special abilities


You were on level 2 of the Dungeon.
You visited 1 branch of the dungeon, and saw 3 of its levels.

You collected 105 gold pieces.

Inventory:

Hand Weapons
 a - a +0 war axe (weapon)
Missiles
 e - 3 boomerangs (quivered)
Armour
 b - a +0 scale mail (worn)
 c - a +0 buckler (worn)
 l - a +0 cloak (worn)
Jewellery
 o - a +6 ring of intelligence (left hand)
Scrolls
 f - a scroll of blinking {unknown}
 g - 2 scrolls of immolation {unknown}
 k - a scroll of enchant weapon {unknown}
Potions
 d - a potion of might
 h - a potion of mutation
 i - a potion of lignification
 j - a potion of berserk rage
 m - a potion of degeneration
 n - 2 potions of attraction
 p - a potion of curing {unknown}


   Skills:
 * Level 4.3 Fighting
 * Level 3.5 Axes
 + Level 4.0 Armour
 + Level 4.0 Shields


You had 2 spell levels left.
You didn't know any spells.
Your spell library contained the following spells:

 Spells                   Type           Power      Damage    Failure   Level
 Call Canine Familiar     Summ           0%         N/A       98%         3
 Portal Projectile        Hex/Tloc       0%         N/A       98%         3
 Leda's Liquefaction      Hex/Erth       0%         N/A       100%        4


Dungeon Overview and Level Annotations

Branches:
Dungeon (3/15)

Altars:


Innate Abilities, Weirdness & Mutations

You have a pair of horns on your head.
You reflexively headbutt those who attack you in melee.


Message History

You kill the frilled lizard!
You see here a frilled lizard corpse.
A hobgoblin comes into view.
The hobgoblin shouts!
Found a runed sling.
You hit the hobgoblin.
You kill the hobgoblin!
You see here a hobgoblin corpse.
A bat comes into view.
Found a ring mail.
The bat hits you but does no damage. The bat hits you but does no damage.
The bat barely misses you. You furiously retaliate!
You headbutt the bat.
You kill the bat!
You see here a +2 sling of draining.
As you open the door, it creaks loudly!
You pick up a book of the Hunter and begin reading...
You add the spells Call Canine Familiar, Portal Projectile and Leda's Liquefaction to your library.
You see here a +0 dagger.
You now have 105 gold pieces (gained 14).
Found a robe.
A goblin comes into view. It is wielding a +0 club.
The goblin shouts!
The goblin unwields a +0 club.
The goblin wields a +0 sling of electrocution.
You hear the crackle of electricity.
The goblin shoots a sling bullet.
The sling bullet hits you.
The goblin shoots a sling bullet.
You block the sling bullet.
The goblin shoots a sling bullet.
The sling bullet closely misses you.
The goblin shoots a sling bullet.
The sling bullet hits you.
You are electrocuted!
Ouch! That really hurt!
The goblin shoots a sling bullet.
The sling bullet hits you.
The goblin shoots a sling bullet.
The sling bullet hits you but does no damage.
You are electrocuted!
* * * LOW HITPOINT WARNING * * *
Found 9 gold pieces.
The goblin shoots a sling bullet.
The sling bullet closely misses you.
The goblin shoots a sling bullet.
The sling bullet hits you.
You die...

###########.#######
#.†..
#.............
#...#
#.............
#....
#..........$.$
#...#
#..?..........
#####
#............. ...
#.......###### ...
#.[.....###### ....
######@.g....$ ....
######### .... ....


You could see a goblin.

Vanquished Creatures
  A worm (D:2)
  A dart slug (D:1)
  3 bats
  6 endoplasms
  3 giant cockroaches
  5 goblins
  5 hobgoblins
  3 jackals (D:2)
  2 kobolds (D:1)
  A quokka (D:1)
  6 ball pythons
  3 frilled lizards
  2 rats (D:2)
41 creatures vanquished.

Vanquished Creatures (others)
  A plant (D:2)
1 creature vanquished.

Grand Total: 42 creatures vanquished

Notes
Turn   | Place    | Note
-------+----------+-------------------------------------------
     0 | D:1      | bmack86 the Minotaur Fighter began the quest for the Orb.
     0 | D:1      | Reached XP level 1. HP: 19/19 MP: 0/0
   194 | D:1      | Reached XP level 2. HP: 27/27 MP: 1/1
   607 | D:2      | Reached XP level 3. HP: 32/33 MP: 2/2
   669 | D:2      | You fall into a shaft and drop 1 floor!
   911 | D:2      | Found a faded altar of an unknown god.
  1095 | D:2      | HP: 1/34 [goblin/sling bullet (11)]
  1097 | D:2      | Shot with a sling bullet by a goblin

Illustrated notes

Levels and vault maps discovered:
D:1:      minmay_arrival_diagonal_passages, layout_rooms
D:2:      layout_basic, shapermc_ecumenical_altar_mp_urbaneastern
D:3:      mumra_celtic_spiral_tile, layout_rooms,
          grunt_temple_overflow_gold_and_silver, minmay_misc_feat_cross

Skill      XL: |  1  2  3 |
---------------+----------+-----
Axes           | 3 |  3.5
Fighting       | 4 |  4.3
Armour         | 4 |  4.0
Shields        | 4 |  4.0

Action                   || total
-------------------------++-------
Melee: War axe           ||    74
       Headbutt          ||     9
  Use: Scroll            ||     5
Armor: Scale mail        ||    33
Dodge: Dodged            ||    36
Block: Buckler           ||    22

Table legend: (Time is in decaauts)
 A = Elapsed time spent in this place.
 B = Non-inter-level travel time spent in this place.
 C = Inter-level travel time spent in this place.
 D = Time resting spent in this place.
 E = Time spent auto-exploring this place.
 F = Levels seen in this place.
 G = Mean time per level.
                   A        B        C        D        E       F      G
               +--------+--------+--------+--------+--------+-----+--------+
         Total |   1124 |   1113 |     11 |      0 |    693 |   3 |  374.7 |
       Dungeon |   1124 |   1113 |     11 |      0 |    693 |   3 |  374.7 |
               +--------+--------+--------+--------+--------+-----+--------+

Top non-repeatable levels by time:
     D:1: 579 daAuts
     D:2: 511 daAuts
     D:3: 33 daAuts
